 Dungeon Crawl Stone Soup version 0.26.1-11-gd32895ea62 (webtiles) character file.

Game seed: 24378501497962982

8 Destapler the Magician (level 2, -1/19 HPs)
             Began as a Gnoll Wanderer on Apr 30, 2021.
             Slain by a hobgoblin
             ... wielding a cursed +0 club
              (2 damage)
             ... on level 1 of the Dungeon.
             The game lasted 00:01:31 (82 turns).

Destapler the Magician (Gnoll Wanderer)               Turns: 82, Time: 00:01:32

Health: -1/19      AC:  2    Str: 12    XL:     2   Next: 8%
Magic:  1/10       EV: 11    Int: 14    God:
Gold:   6          SH:  0    Dex: 16    Spells: 14/15 levels left

rFire    . . .     SeeInvis .   a - +0 dagger
rCold    . . .     Faith    .   (no shield)
rNeg     . . .     Spirit   .   d - +0 robe
rPois    .         Reflect  .   (no helmet)
rElec    .         Harm     .   (no cloak)
rCorr    .         Rampage  .   (no gloves)
Will     .....                  (no boots)
Stlth    ++........             (no amulet)
HPRegen  0.06/turn              (no ring)
MPRegen  0.12/turn              (no ring)

@: no status effects
A: distributed training, fangs 1, strong nose
a: no special abilities


You were on level 1 of the Dungeon.
You visited 1 branch of the dungeon, and saw 1 of its levels.

You collected 6 gold pieces.

Inventory:

Hand Weapons
 a - a +0 dagger (weapon)
Armour
 d - a +0 robe (worn)
Scrolls
 b - a scroll of identify {unknown}
 c - a scroll of enchant weapon {unknown}
 f - a scroll of blinking {unknown}
Potions
 e - a potion of berserk rage {unknown}


   Skills:
 + Level 0.2 Fighting
 + Level 0.2 Short Blades
 + Level 0.2 Long Blades
 + Level 0.2 Axes
 + Level 0.2 Maces & Flails
 + Level 0.2 Polearms
 + Level 0.2 Staves
 + Level 0.2 Slings
 + Level 0.2 Bows
 + Level 0.2 Crossbows
 + Level 2.4 Throwing
 + Level 0.2 Armour
 + Level 0.2 Dodging
 + Level 0.2 Stealth
 + Level 2.4 Shields
 + Level 0.2 Unarmed Combat
 + Level 7.1 Spellcasting
 + Level 0.1 Conjurations
 + Level 0.1 Hexes
 + Level 0.1 Summonings
 + Level 0.1 Necromancy
 + Level 0.1 Translocations
 + Level 3.6 Transmutations
 + Level 3.6 Fire Magic
 + Level 0.1 Ice Magic
 + Level 2.0 Air Magic
 + Level 0.1 Earth Magic
 + Level 0.1 Poison Magic
 + Level 0.3 Invocations
 + Level 0.2 Evocations


You had 14 spell levels left.
You knew the following spells:

 Your Spells              Type           Power        Failure   Level
a - Foxfire               Conj/Fire      40%          6%          1

Your spell library contained the following spells:

 Spells                   Type           Power        Failure   Level
 Wereblood                Tmut           15%          4%          2
 Passwall                 Tmut/Erth      8%           10%         2
 Sandblast                Erth           10%          13%         1
 Conjure Flame            Conj/Fire      10%          19%         3
 Inner Flame              Hex/Fire       10%          19%         3
 Stone Arrow              Conj/Erth      10%          36%         3
 Sticky Flame             Conj/Fire      10%          54%         4
 Fireball                 Conj/Fire      5%           87%         5


Dungeon Overview and Level Annotations

Branches:
Dungeon (1/15)

Altars:


Innate Abilities, Weirdness & Mutations

Your experience applies equally to all skills.
You have very sharp teeth.
Your uncanny sense of smell can sniff out nearby items.


Message History

The jackal is severely wounded.
The foxfire hits the giant cockroach but does no damage.
The jackal bites you. The giant cockroach closely misses you.
Casting: Foxfire (safe; 6% risk of failure)
Confirm with . or Enter, or press ? or * to list all spells.
You conjure some foxfire!
The jackal bites you but does no damage.
The goblin hits you but does no damage. The giant cockroach bites you.
* * * LOW HITPOINT WARNING * * *
The hobgoblin barely misses you. The jackal bites you.
* * * LOW HITPOINT WARNING * * *
You barely miss the hobgoblin.
The hobgoblin is almost dead.
The foxfire hits the giant cockroach but does no damage.
The giant cockroach barely misses you. The goblin hits you with a +0 club.
* * * LOW HITPOINT WARNING * * *
The jackal bites you.
* * * LOW HITPOINT WARNING * * *
The hobgoblin hits you with a cursed +0 club.
You die...

..# ... ..? #$# ....
.######.# ..... ........#
..... ....!.†.#
######).... ...†..B.#
#.......... #.....h@#
#.......... #####.gg#
#......### ###.#
#......###
#.#####......##.
#######.......†.......
####.....#.#####......##.
#.....⌠..#######.(....###
.........###.............
...#......#..#######.....


You could see a jackal, a giant cockroach, a hobgoblin and a goblin.

Vanquished Creatures
  A goblin (D:1)
  3 jackals (D:1)
  2 bats (D:1)
  A frilled lizard (D:1)
  A kobold (D:1)
8 creatures vanquished.

Vanquished Creatures (others)
  18 foxfires (D:1)
18 creatures vanquished.

Grand Total: 26 creatures vanquished

Notes
Turn   | Place    | Note
-------+----------+-------------------------------------------
     0 | D:1      | Destapler the Gnoll Wanderer began the quest for the Orb.
     0 | D:1      | Destapler set off with the following items: a +0 dagger, a
                  | +0 robe; and the following spells available to memorise:
                  | Wereblood, Foxfire, Passwall, Sandblast, Conjure Flame,
                  | Inner Flame, Stone Arrow, Sticky Flame, Fireball
     0 | D:1      | Reached XP level 1. HP: 13/13 MP: 8/8
     8 | D:1      | Learned a level 1 spell: Foxfire
    70 | D:1      | Reached XP level 2. HP: 19/19 MP: 6/10
    82 | D:1      | Slain by a hobgoblin

Illustrated notes

Levels and vault maps discovered:
D:1:      dpeg_arrival_arbitrary_c, layout_basic

Skill      XL: |  1 |
---------------+----+-----
Air Magic      | 2 |  2.0
Fighting       | |  0.2
Short Blades   | |  0.2
Long Blades    | |  0.2
Axes           | |  0.2
Maces & Flails | |  0.2
Polearms       | |  0.2
Staves         | |  0.2
Slings         | |  0.2
Bows           | |  0.2
Crossbows      | |  0.2
Throwing       | |  2.4
Armour         | |  0.2
Dodging        | |  0.2
Stealth        | |  0.2
Shields        | |  2.4
Unarmed Combat | |  0.2
Spellcasting   | |  7.1
Conjurations   | |  0.1
Hexes          | |  0.1
Summonings     | |  0.1
Necromancy     | |  0.1
Translocations | |  0.1
Transmutations | |  3.6
Fire Magic     | |  3.6
Ice Magic      | |  0.1
Earth Magic    | |  0.1
Poison Magic   | |  0.1
Invocations    | |  0.3
Evocations     | |  0.2

Action                   || total
-------------------------++-------
Melee: Dagger            ||     6
 Cast: Foxfire           ||    13
Armor: Robe              ||     5
Dodge: Dodged            ||    17
